 Dungeon Crawl Stone Soup version 0.30.0 (webtiles) character file.

Game seed: 6492278405540258573

11708 domi the Fighter (level 11, -1/111 HPs)
             Began as a Minotaur Berserker on May 6, 2023.
             Was an Elder of Trog.
             Slain by a skeletal warrior
             ... wielding a +0 glaive
              (24 damage)
             ... on level 11 of the Dungeon.
             The game lasted 00:21:30 (9520 turns).

domi the Fighter (Minotaur Berserker)               Turns: 9520, Time: 00:21:31

Health: -1/111     AC: 11    Str: 25    XL:     11   Next: 52%
Magic:  19/19      EV: 12    Int:  4    God:    Trog [****..]
Gold:   596        SH:  0    Dex: 11    Spells: 10/10 levels left

rFire   + . .        k - +6 hand axe "Penasenk" {drain, rPois Will+ Stlth+}
rCold   . . .        (no shield)
rNeg    . . .        j - +3 leather armour "Ekinkadgh" {rElec rF+}
rPois   +            (helmet restricted)
rElec   +            o - +1 cloak {rCorr}
rCorr   +            I - +0 pair of gloves
SInv    .            (no boots)
Will    +++..        B - amulet of regeneration {+regen, !d}
Stlth   ++           n - ring of magical power {MP+9}
HPRegen 2.18/turn    (no ring)
MPRegen 0.16/turn

%: no passive effects
@: strong-willed, on berserk cooldown, regenerating, slowed, studying Unarmed
Combat, very slow
A: horns 2, retaliatory headbutt
a: Renounce Religion, Berserk, Trog's Hand, Brothers in Arms


You were on level 11 of the Dungeon.
You worshipped Trog.
Trog was greatly pleased with you.
You visited 1 branch of the dungeon, and saw 11 of its levels.

You collected 596 gold pieces.

Inventory:

Hand Weapons
 k - the +6 hand axe "Penasenk" (weapon) {drain, rPois Will+ Stlth+}
   (You found it on level 8 of the Dungeon)

   rPois:     It protects you from poison.
   Will:      It increases your willpower.
   Stlth:     It makes you more stealthy.
 C - a +0 war axe of flaming
   (You took it off Maggie on level 9 of the Dungeon)
Missiles
 f - a curare-tipped dart {=f}
Armour
 j - the +3 leather armour "Ekinkadgh" (worn) {rElec rF+}
   (You found it on level 2 of the Dungeon)

   rF:        It protects you from fire.
   rElec:     It insulates you from electricity.
 o - a +1 cloak of preservation (worn)
   (You took it off Crazy Yiuf on level 2 of the Dungeon)
 v - a +1 hat
   (You found it on level 10 of the Dungeon)
 I - a +0 pair of gloves (worn)
   (You found it on level 10 of the Dungeon)
Jewellery
 n - a ring of magical power (left hand) {MP+9}
   (You found it on level 6 of the Dungeon)
 w - an amulet of reflection
   (You found it on level 8 of the Dungeon)
 B - an amulet of regeneration (around neck) {+regen, !d}
   (You found it on level 9 of the Dungeon)
Wands
 a - a wand of polymorph (5)
   (You found it on level 10 of the Dungeon)
 l - a wand of quicksilver (16)
   (You found it on level 5 of the Dungeon)
 x - a wand of paralysis (16)
   (You took it off Amaemon on level 8 of the Dungeon)
 D - a wand of flame (5)
   (You took it off Grum on level 9 of the Dungeon)
 E - a wand of iceblast (8)
   (You found it on level 9 of the Dungeon)
Scrolls
 b - 2 scrolls of immolation {!r!r}
 d - 11 scrolls of identify {@r1}
 e - 2 scrolls of fog
 g - a scroll of noise {!r}
 u - a scroll of enchant weapon
 y - a scroll of magic mapping {unknown}
 A - 3 scrolls of teleportation {@r4}
 F - a scroll of brand weapon {unknown}
 J - a scroll of fear {unknown}
 M - a scroll of butterflies {unknown}
Potions
 c - 3 potions of mutation {unknown}
 h - 3 potions of curing {unknown}
 i - 3 potions of might
 m - 4 potions of lignification {unknown}
 p - 2 potions of heal wounds {@q2}
 q - a potion of resistance {unknown}
 r - a potion of ambrosia {!q}
 s - 2 potions of haste {@q3}
 t - 4 potions of flight
 z - a potion of cancellation {unknown}
 G - a potion of attraction {unknown}
 H - a potion of brilliance {unknown}
 K - 2 potions of degeneration {unknown}
Miscellaneous
 L - a condenser vane
   (You found it on level 10 of the Dungeon)


   Skills:
 + Level 14.7 Fighting
 - Level 14.0 Axes
 + Level 10.0 Armour
 - Level 2.1 Dodging


You had 10 spell levels left.
You didn't know any spells.
Your spell library was empty.

Dungeon Overview and Level Annotations

Branches:
Dungeon (11/15)            Temple (0/1) D:5            Lair (0/5) D:8
    Orc: D:9-12

Altars:
Elyvilon
Gozag
Hepliaklqana
Nemelex Xobeh
Qazlal
Ru
Trog
Wu Jian
Xom

Shops:
D:5 [   D:7 *

Annotations:
D:6 2 transporters, Persephone's ghost, novice GnHu
D:7 1 runed translucent door, exclusion: ice statue, monsoonserge's ghost, novice SpEn
D:8 3 runed translucent doors, Valagong's ghost, novice MiFi


Innate Abilities, Weirdness & Mutations

You have a pair of horns on your head.
You reflexively headbutt those who attack you in melee.


Message History

You barely miss the skeletal warrior. You headbutt the skeletal warrior!!
The skeletal warrior is almost destroyed.
You hit the skeletal warrior.
The skeletal warrior is almost destroyed.
You hit the skeletal warrior but do no damage.
The skeletal warrior is almost destroyed.
The skeletal warrior hits you with a +0 hand axe!
You barely miss the skeletal warrior.
Your headbutt misses the skeletal warrior.
You punch the skeletal warrior.
You destroy the skeletal warrior!
Trog accepts your kill.
You are too berserk!
Okay, then.
You are no longer berserk.
You are exhausted.
You feel yourself slow down.
An ogre zombie comes into view.
Your ogre goes berserk!
The shadow slips into darkness.
The shadow flickers and vanishes!
Deactivating autopickup; reactivate with Ctrl-A.
You slash something!
A skeletal warrior comes into view. It is wielding a +0 glaive.
The shadow strikes at you from the darkness!
Reactivating autopickup.
Your ogre hits the wraith with a +0 giant club!!!
The wraith is destroyed!
Trog accepts your kill.
You hear a bellow!
You hit the shadow.
The shadow is heavily damaged.
The shadow barely misses you.
Your ogre hits the shadow with a +0 giant club!!
The shadow is destroyed!
Trog accepts your kill.
Aiming: Iceblast
Press: ? - help, Shift-Dir - straight line The mass of ice explodes!
The iceblast engulfs the skeletal warrior.
The skeletal warrior partially resists.
The skeletal warrior is lightly damaged.
The iceblast engulfs the skeletal warrior!
The skeletal warrior partially resists.
The skeletal warrior is lightly damaged.
You hear a bellow!
A phantom comes into view.
Your ogre hits the skeletal warrior with a +0 giant club!!
The skeletal warrior hits your ogre with a +1 battleaxe of freezing!
The skeletal warrior freezes your ogre.
The skeletal warrior hits you with a +1 battleaxe of freezing.
The skeletal warrior freezes you.
You barely miss the skeletal warrior.
The skeletal warrior is heavily damaged.
Your ogre hits the skeletal warrior with a +0 giant club!
The skeletal warrior hits you from afar with a +0 glaive.
The skeletal warrior hits your ogre with a +1 battleaxe of freezing!
The skeletal warrior freezes your ogre.
The skeletal warrior hits you with a +1 battleaxe of freezing.
The skeletal warrior freezes you.
You barely miss the skeletal warrior.
The skeletal warrior is severely damaged.
Your ogre hits the skeletal warrior with a +0 giant club!!
The skeletal warrior is destroyed!
Trog accepts your kill. The skeletal warrior barely misses you.
You closely miss the phantom.
The phantom is moderately damaged.
Your ogre hits the phantom with a +0 giant club!
You hit the phantom. You headbutt the phantom.
You destroy the phantom!
Trog accepts your kill.
The skeletal warrior hits you from afar with a +0 glaive.
You hear a bellow!
Your Armour skill increases to level 10!
Your ogre hits the skeletal warrior with a +0 giant club!!
The skeletal warrior hits you with a +0 glaive!!
The skeletal warrior hits you but does no damage.
A yak comes into view.
Your ogre closely misses the skeletal warrior.
Things that are here:
a +1 battleaxe of freezing; a +0 hand axe; a +0 mace You hit the skeletal warrior but do no damage.
The skeletal warrior is heavily damaged.
The skeletal warrior hits you with a +0 glaive!!
* * * LOW HITPOINT WARNING * * *
Okay, then.
You feel much better.
Your ogre barely misses the skeletal warrior.
A phantom comes into view.
The skeletal warrior hits you with a +0 glaive!!
* * * LOW HITPOINT WARNING * * *
Your ogre misses the skeletal warrior.
Your skin crawls.
You feel strong-willed.
Your ogre closely misses the skeletal warrior.
The skeletal warrior closely misses you.
A yak comes into view.
The skeletal warrior hits you with a +0 glaive!!
You die...

# Y## ...
#.##.####
#.WZ.zO.#
#@# #.#
#.# #.#
#.# #.#
#.# #[#
#.#


You could see a skeletal warrior (ally target), a yak, a phantom, an ogre zombie
and a friendly ogre (summoned, berserk).

Vanquished Creatures
  Erica (D:8)
  2 skeletal warriors (D:11)
  Amaemon (D:8)
  Joseph (D:10)
  Maurice (D:9)
  An orange demon (D:8)
  Maggie (D:9)
  Psyche (D:8)
  A troll (D:9)
  Prince Ribbit (D:5)
  Sigmund (D:2)
  A shadow (D:11)
  A wraith (D:9)
  6 yaks (D:8)
  Grum (D:9)
  2 steam dragons (D:9)
  Menkaure (D:5)
  2 acid dragons (D:9)
  2 water moccasins (D:7)
  4 orc warriors
  2 black bears
  4 ice beasts
  4 centaurs
  3 phantoms
  4 wolves (D:9)
  3 ogres (D:6)
  3 kobold brigands
  4 bullfrogs
  5 scorpions
  6 wights
  5 killer bees (D:10)
  3 howler monkeys (D:10)
  A hound (D:2)
  10 orc priests
  Crazy Yiuf (D:2)
  A gnoll bouda (D:8)
  A sleepcap (D:4)
  Ijyb (D:5)
  4 iguanas (D:5)
  9 orc wizards
  Robin (D:2)
  8 adders
  4 gnolls
  5 white imps
  An ufetubus (D:6)
  2 worms
  4 dart slugs
  45 orcs
  11 ball pythons
  4 endoplasms
  2 giant cockroaches
  13 goblins
  15 hobgoblins
  2 quokkas
  5 bats
  A frilled lizard (D:3)
  24 kobolds
  A rat (D:1)
254 creatures vanquished.

Vanquished Creatures (collateral kills)
  A skeletal warrior (D:11)
  A shadow (D:11)
  A wraith (D:11)
3 creatures vanquished.

Vanquished Creatures (others)
  11 fungi
  7 plants
18 creatures vanquished.

Grand Total: 275 creatures vanquished

Notes
Turn   | Place    | Note
-------+----------+-------------------------------------------
     0 | D:1      | domi the Minotaur Berserker began the quest for the Orb.
     0 | D:1      | Reached XP level 1. HP: 19/19 MP: 0/0
   127 | D:1      | Reached skill level 4 in Axes
   157 | D:1      | Reached XP level 2. HP: 27/27 MP: 1/1
   714 | D:2      | Reached skill level 4 in Fighting
   714 | D:2      | Reached skill level 3 in Armour
   797 | D:2      | Reached XP level 3. HP: 29/33 MP: 2/2
   835 | D:2      | Found a faded altar of an unknown god.
   841 | D:2      | Identified the +3 leather armour "Ekinkadgh" {rElec rF+}
   854 | D:2      | Noticed Sigmund
   860 | D:2      | Killed Sigmund
   861 | D:2      | Reached skill level 5 in Axes
   861 | D:2      | Reached skill level 4 in Armour
   861 | D:2      | Reached XP level 4. HP: 29/41 MP: 3/3
   861 | D:2      | Reached XP level 5. HP: 34/47 MP: 4/4
  1019 | D:2      | Found a runed translucent door.
  1020 | D:2      | Noticed Crazy Yiuf
  1271 | D:2      | Reached skill level 6 in Axes
  1325 | D:2      | Reached ** piety under Trog
  1331 | D:2      | Noticed Robin
  1334 | D:2      | Reached skill level 5 in Fighting
  1342 | D:2      | Killed Robin
  1462 | D:2      | Reached XP level 6. HP: 54/56 MP: 5/5
  1626 | D:2      | Killed Crazy Yiuf
  2319 | D:4      | Reached skill level 7 in Axes
  2431 | D:4      | Reached XP level 7. HP: 44/62 MP: 6/6
  2595 | D:4      | Reached skill level 5 in Armour
  2757 | D:4      | Found a sparkling altar of Nemelex Xobeh.
  2764 | D:4      | Found an ornate altar of the Wu Jian Council.
  2990 | D:5      | Entered Level 5 of the Dungeon
  2990 | D:5      | Noticed Prince Ribbit
  3229 | D:5      | Reached skill level 6 in Fighting
  3241 | D:5      | Noticed Menkaure
  3244 | D:5      | Killed Menkaure
  3245 | D:5      | Reached skill level 8 in Axes
  3450 | D:5      | Found Riefegg's Antique Armour Shop.
  3495 | D:5      | Killed Prince Ribbit
  3496 | D:5      | Reached skill level 6 in Armour
  3496 | D:5      | Reached XP level 8. HP: 71/71 MP: 7/7
  3537 | D:5      | Found a staircase to the Ecumenical Temple.
  3605 | D:5      | Reached skill level 9 in Axes
  3644 | D:5      | Reached skill level 7 in Fighting
  3868 | D:5      | Noticed Ijyb
  3879 | D:5      | Killed Ijyb
  4212 | D:6      | Noticed a hornet
  4224 | D:6      | Noticed a queen bee
  4226 | D:6      | Noticed Persephone's ghost (novice GnHu)
  4236 | D:6      | Found a transporter.
  4240 | D:6      | Found a transporter.
  4603 | D:6      | Reached skill level 10 in Axes
  4603 | D:6      | Reached skill level 7 in Armour
  4666 | D:6      | Found a white marble altar of Elyvilon.
  4699 | D:6      | Reached *** piety under Trog
  4706 | D:6      | Reached XP level 9. HP: 77/81 MP: 8/8
  4866 | D:6      | Reached skill level 8 in Fighting
  5470 | D:7      | Reached skill level 11 in Axes
  5596 | D:7      | Found a runed translucent door.
  5596 | D:7      | Found a shimmering altar of Xom.
  5596 | D:7      | Noticed a +0 rapier of chaos
  5597 | D:7      | Noticed monsoonserge's ghost (novice SpEn)
  5615 | D:7      | Found Toal's Serpentskin Sales.
  5619 | D:7      | Reached skill level 8 in Armour
  5691 | D:7      | Noticed an ice statue
  5849 | D:7      | Found a sacrificial altar of Ru.
  6316 | D:8      | Found a runed translucent gate.
  6317 | D:8      | Found a runed translucent gate.
  6317 | D:8      | Found a runed translucent gate.
  6319 | D:8      | Noticed Valagong's ghost (novice MiFi)
  6325 | D:8      | Noticed Psyche
  6326 | D:8      | Found a stormy altar of Qazlal.
  6462 | D:8      | Reached skill level 9 in Fighting
  6462 | D:8      | Reached skill level 12 in Axes
  6595 | D:8      | Killed Psyche
  6620 | D:8      | Noticed Erica
  6643 | D:8      | Killed Erica
  6644 | D:8      | Reached skill level 13 in Axes
  6644 | D:8      | Reached XP level 10. HP: 93/93 MP: 9/9
  6675 | D:8      | Identified the +6 hand axe "Penasenk" {drain, rPois Will+
                  | Stlth+}
  6824 | D:8      | Reached skill level 10 in Fighting
  6889 | D:8      | Noticed Amaemon
  6890 | D:8      | Noticed an orange demon
  6905 | D:8      | Killed Amaemon
  6906 | D:8      | Reached skill level 14 in Axes
  6911 | D:8      | Killed an orange demon
  6912 | D:8      | Reached skill level 11 in Fighting
  7134 | D:8      | Found a staircase to the Lair.
  7526 | D:8      | Found a bloodstained altar of Trog.
  7676 | D:9      | Noticed Maggie
  7685 | D:9      | Killed Maggie
  7686 | D:9      | Reached skill level 12 in Fighting
  7870 | D:9      | Noticed Grum
  7885 | D:9      | Killed Grum
  7960 | D:9      | Noticed Maurice
  7970 | D:9      | Killed Maurice
  7971 | D:9      | Reached skill level 13 in Fighting
  8053 | D:9      | Reached XP level 11. HP: 107/107 MP: 10/10
  8053 | D:9      | Reached **** piety under Trog
  8711 | D:9      | Found a hazy altar of Hepliaklqana.
  8712 | D:9      | Found a faded altar of an unknown god.
  8783 | D:10     | Entered Level 10 of the Dungeon
  9138 | D:10     | Reached skill level 14 in Fighting
  9185 | D:10     | Found an opulent altar of Gozag.
  9303 | D:10     | Noticed Joseph
  9317 | D:10     | Killed Joseph
  9485 | D:11     | Noticed a skeletal warrior
  9494 | D:11     | Killed a skeletal warrior
  9495 | D:11     | Reached skill level 9 in Armour
  9495 | D:11     | Noticed a skeletal warrior
  9503 | D:11     | Noticed a skeletal warrior
  9507 | D:11     | Killed a skeletal warrior
  9510 | D:11     | Noticed a skeletal warrior
  9514 | D:11     | Killed a skeletal warrior
  9517 | D:11     | Reached skill level 10 in Armour
  9518 | D:11     | HP: 23/111 [skeletal warrior/+0 glaive (19)]
  9520 | D:11     | Slain by a skeletal warrior

Illustrated notes

Levels and vault maps discovered:
D:1:      minmay_arrival_hallway, layout_rooms, serial_bayou,
          serial_bayou_shore_a, serial_bayou_pond_a, serial_bayou_pond_c,
          serial_bayou_lagoon_a, minmay_misc_feat_alley
D:2:      kb_forest_paths, layout_basic, shapermc_ecumenical_altar_acropolis,
          uniq_crazy_yiuf_cottage, uniq_sigmund, uniq_robin
D:3:      layout_basic, st_stairs_5
D:4:      layout_loops_ring, minitemple
D:5:      layout_cave_pools, minmay_temple_entry_purple_smoke, serial_shops,
          nicolae_shop_pleasant_corner_grove, uniq_menkaure, uniq_ijyb,
          uniq_prince_ribbit1
D:6:      layout_loops_ring, mainiacjoe_overflow_alcove_2, gammafunk_ghost_hive
D:7:      lemuel_ice_statue, layout_basic, mainiacjoe_overflow_surrounded_room,
          ebering_ghost_xom, enter_bailey_3, guppyfry_shop_venom
D:8:      layout_loops_cross, trog_hazing_becter, amcnicky_altar_gilded,
          grunt_lair_entry_orc_guard_hut, gammafunk_ghost_necromancy,
          serial_aquarium, aquarium_bridge_island_small
          [aquarium_subvault_small_open, aquarium_subvault_wall,
          aquarium_subvault_bridge, aquarium_subvault_window,
          aquarium_subvault_bridge], aquarium_window_2, aquarium_window_2,
          aquarium_window_1, aquarium_view_2d, aquarium_view_2c,
          aquarium_balcony_5b, aquarium_pool_S, david_defended_altar_orc,
          uniq_psyche, uniq_erica, uniq_amaemon
D:9:      layout_loops_corners, beargit_hepliaklqana_dungeon_heroes,
          kennysheep_generic_room_15, uniq_maurice, uniq_maggie, uniq_grum
D:10:     layout_cave_pools, lemuel_crystal_altar, special_room
          [special_room_orc], minmay_misc_feat_ornament, uniq_joseph
D:11:     layout_basic, zombieorc2_lemuel, gammafunk_ghost_icy, special_room
          [special_room_orc]

Skill      XL: |  1  2  3  4  5  6  7  8  9 10 11 |
---------------+----------------------------------+-----
Axes           | 4 5 6 7 8 10 13 14 | 14.0
Fighting       | 4 5 6 7 9 13 14 | 14.7
Armour         | 3 4 6 7 8 10 | 10.0
Dodging        | |  2.1

Action                     |  1- 3 |  4- 6 |  7- 9 | 10-12 || total
---------------------------+-------+-------+-------+-------++-------
  Melee: Hand axe          |    48 |   108 |   104 |   249 ||   509
         Headbutt          |     3 |    18 |    33 |    38 ||    92
         Punch             |       |     2 |     3 |     3 ||     8
         War axe           |       |       |   114 |       ||   114
         Unarmed           |       |       |     1 |       ||     1
 Invoke: Berserk           |     2 |     3 |    12 |     6 ||    23
         Trog's Hand       |       |       |     2 |     3 ||     5
         Brothers in Arms  |       |       |       |     1 ||     1
  Evoke: Wand              |       |       |    24 |     1 ||    25
    Use: Scroll            |       |       |    11 |       ||    11
         Potion            |       |       |     1 |     3 ||     4
   Stab: Sleeping          |       |     1 |       |     4 ||     5
 Armour: Animal skin       |    11 |       |       |       ||    11
         Leather armour    |       |    43 |    67 |    39 ||   149
  Dodge: Dodged            |    35 |    59 |   120 |    66 ||   280
  Block: Other             |       |       |       |    29 ||    29
         Reflection        |       |       |       |     2 ||     2

Levels and vault maps discovered:
D:1:      minmay_arrival_hallway, layout_rooms, serial_bayou,
          serial_bayou_shore_a, serial_bayou_pond_a, serial_bayou_pond_c,
          serial_bayou_lagoon_a, minmay_misc_feat_alley
D:2:      kb_forest_paths, layout_basic, shapermc_ecumenical_altar_acropolis,
          uniq_crazy_yiuf_cottage, uniq_sigmund, uniq_robin
D:3:      layout_basic, st_stairs_5
D:4:      layout_loops_ring, minitemple
D:5:      layout_cave_pools, minmay_temple_entry_purple_smoke, serial_shops,
          nicolae_shop_pleasant_corner_grove, uniq_menkaure, uniq_ijyb,
          uniq_prince_ribbit1
D:6:      layout_loops_ring, mainiacjoe_overflow_alcove_2, gammafunk_ghost_hive
D:7:      lemuel_ice_statue, layout_basic, mainiacjoe_overflow_surrounded_room,
          ebering_ghost_xom, enter_bailey_3, guppyfry_shop_venom
D:8:      layout_loops_cross, trog_hazing_becter, amcnicky_altar_gilded,
          grunt_lair_entry_orc_guard_hut, gammafunk_ghost_necromancy,
          serial_aquarium, aquarium_bridge_island_small
          [aquarium_subvault_small_open, aquarium_subvault_wall,
          aquarium_subvault_bridge, aquarium_subvault_window,
          aquarium_subvault_bridge], aquarium_window_2, aquarium_window_2,
          aquarium_window_1, aquarium_view_2d, aquarium_view_2c,
          aquarium_balcony_5b, aquarium_pool_S, david_defended_altar_orc,
          uniq_psyche, uniq_erica, uniq_amaemon
D:9:      layout_loops_corners, beargit_hepliaklqana_dungeon_heroes,
          kennysheep_generic_room_15, uniq_maurice, uniq_maggie, uniq_grum
D:10:     layout_cave_pools, lemuel_crystal_altar, special_room
          [special_room_orc], minmay_misc_feat_ornament, uniq_joseph
D:11:     layout_basic, zombieorc2_lemuel, gammafunk_ghost_icy, special_room
          [special_room_orc]

Table legend: (Time is in decaauts)
 A = Elapsed time spent in this place.
 B = Non-inter-level travel time spent in this place.
 C = Inter-level travel time spent in this place.
 D = Time resting spent in this place.
 E = Time spent auto-exploring this place.
 F = Levels seen in this place.
 G = Mean time per level.
                   A        B        C        D        E       F      G
               +--------+--------+--------+--------+--------+-----+--------+
         Total |   9610 |   9196 |    414 |   1421 |   6196 |  11 |  873.6 |
       Dungeon |   9610 |   9196 |    414 |   1421 |   6196 |  11 |  873.6 |
               +--------+--------+--------+--------+--------+-----+--------+

Top non-repeatable levels by time:
     D:6: 1321 daAuts
     D:8: 1203 daAuts
     D:9: 1140 daAuts
     D:2: 1060 daAuts
     D:4: 1012 daAuts
     D:5: 982 daAuts
     D:7: 970 daAuts
     D:1: 714 daAuts
    D:10: 635 daAuts
     D:3: 494 daAuts
    D:11: 73 daAuts

Table legend:
 A = Kills in this place as a percentage of kills in the entire game.
 B = Kills by you in this place as a percentage of kills by you in the entire game.
 C = Kills by friends in this place as a percentage of kills by friends in the entire game.
 D = Other kills in this place as a percentage of other kills in the entire game.
 E = Experience gained in this place as a percentage of experience gained in the entire game.
 F = Experience gained in this place divided by the number of levels of this place that you have seen.
                   A       B       C       D       E      F
               +-------+-------+-------+-------+-------+----------------------
         Total | 100.0 | 100.0 | 100.0 |   N/A | 100.0 | 1520.6
       Dungeon | 100.0 | 100.0 | 100.0 |   N/A | 100.0 | 1520.6
               +-------+-------+-------+-------+-------+----------------------
